[Event "Mukachevo IM June 2019"]
[Site "Mukachevo"]
[Date "2019.06.24"]
[Round "1.1"]
[White "Larkin, Vladyslav"]
[Black "Sakun, Volodymyr"]
[Result "0-1"]
[ECO "A48"]
[WhiteElo "2398"]
[BlackElo "2349"]
[Annotator "NA"]
[PlyCount "114"]
[EventDate "2019.06.24"]
[EventType "tourn"]
[EventCountry "UKR"]
[SourceTitle "playchess.com"]
[Source "ChessBase"]
[SourceQuality "1"]
[TimeControl "40/5400+30:900+30"]

1. d4 Nf6 2. Nf3 g6 3. Bg5 Bg7 4. Nbd2 O-O 5. c3 d6 6. e4 Nc6 7. Be2 h6 8. Bxf6 Bxf6 9. O-O e5 10. dxe5 Nxe5 11. Nd4 Bd7 12. f4 Nc6 13. N2b3 Bg7 14. Bf3 Nxd4 15. Nxd4 c6 16. Kh1 Qb6 17. Qd2 Rad8 18. Rad1 a5 19. Qc1 Bc8 20. Rd2 Rfe8 21. Rfd1 Qc7 22. Ne2 Qe7 23. Nd4 h5 24. Qc2 h4 25. Rf1 Bd7 26. Qb3 b5 27. e5 d5 28. Qd1 b4 29. Bg4 c5 30. Bxd7 Qxd7 31. Nb3 Qb5 32. a4 bxa3 33. bxa3 a4 34. Nc1 Qc4 35. Qf3 f6 36. f5 fxe5 37. f6 Rf8 38. f7+ Kh7 39. Rfd1 d4 40. Qh3 Qxf7 41. Qxh4+ Kg8 42. Ne2 c4 43. Ng3 Rb8 44. Qe4 d3 45. h3 Qe6 46. Qe3 e4 47. Qxe4 Qxe4 48. Nxe4 Rf4 49. Re1 Rb3 50. Nd6 Rxc3 51. Re8+ Rf8 52. Re4 Rf1+ 53. Kh2 Bh6 54. Re8+ Rf8 55. Rf2 Rxe8 56. Nxe8 d2 57. Nf6+ Kh8 0-1

[Event "Mukachevo IM June 2019"]
[Site "Mukachevo"]
[Date "2019.06.24"]
[Round "1.2"]
[White "Terbe, Zsuzsanna"]
[Black "Terletsky, Oleg"]
[Result "1-0"]
[ECO "A45"]
[WhiteElo "2160"]
[BlackElo "2318"]
[Annotator "NA"]
[PlyCount "87"]
[EventDate "2019.06.24"]
[EventType "tourn"]
[EventCountry "UKR"]
[SourceTitle "playchess.com"]
[Source "ChessBase"]
[SourceQuality "1"]
[TimeControl "40/5400+30:900+30"]

1. d4 Nf6 2. Bf4 g6 3. e3 Bg7 4. Nf3 O-O 5. Be2 d6 6. h3 Nbd7 7. O-O b6 8. c4 Bb7 9. Nc3 Re8 10. Bh2 e5 11. Rc1 Ne4 12. Nxe4 Bxe4 13. Nd2 Bb7 14. d5 e4 15. b4 a5 16. a3 Bb2 17. Qb3 Bxc1 18. Rxc1 axb4 19. axb4 Qf6 20. Qb1 Qe7 21. Nb3 Ra4 22. Nd4 Rea8 23. Bd1 Ra2 24. Bb3 Rd2 25. Bc2 Qf6 26. Bg3 Rxd4 27. exd4 Qxd4 28. Bxe4 Ra3 29. Bf3 f5 30. Qc2 f4 31. Bh4 Ne5 32. Qe4 Qd2 33. Rd1 Qxb4 34. Qxf4 Rxf3 35. gxf3 Qb3 36. Rc1 Qxf3 37. Qg5 Qf7 38. Qf6 Nf3+ 39. Kg2 Nxh4+ 40. Qxh4 b5 41. Re1 g5 42. Qxg5+ Qg6 43. Re8+ Kf7 44. Re7+ 1-0

[Event "Mukachevo IM June 2019"]
[Site "Mukachevo"]
[Date "2019.06.24"]
[Round "1.3"]
[White "Vachylia, Andrii"]
[Black "Karelina, Polina"]
[Result "1-0"]
[ECO "C50"]
[WhiteElo "2263"]
[BlackElo "1718"]
[Annotator "NA"]
[PlyCount "49"]
[EventDate "2019.06.24"]
[EventType "tourn"]
[EventCountry "UKR"]
[SourceTitle "playchess.com"]
[Source "ChessBase"]
[SourceQuality "1"]
[TimeControl "40/5400+30:900+30"]

1. e4 e5 2. Nf3 Nc6 3. Bc4 Nf6 4. d3 Bc5 5. O-O O-O 6. a4 d6 7. c3 a6 8. Bg5 Be6 9. Nbd2 Qe7 10. b4 Ba7 11. Bh4 h6 12. Kh1 Bxc4 13. Nxc4 Qe6 14. Nfd2 d5 15. Ne3 d4 16. cxd4 Nxd4 17. Bxf6 Qxf6 18. f4 exf4 19. Nd5 Qd6 20. Nc4 Qd7 21. Qh5 Nc2 22. Rac1 Ne3 23. Ncxe3 c6 24. Nf6+ gxf6 25. Nf5 1-0

[Event "Mukachevo IM June 2019"]
[Site "Mukachevo"]
[Date "2019.06.24"]
[Round "1.4"]
[White "Tiba, Vladyslav"]
[Black "Priehoda, Vitezslav"]
[Result "1-0"]
[ECO "C92"]
[WhiteElo "2375"]
[BlackElo "2361"]
[Annotator "NA"]
[PlyCount "107"]
[EventDate "2019.06.24"]
[EventType "tourn"]
[EventCountry "UKR"]
[SourceTitle "playchess.com"]
[Source "ChessBase"]
[SourceQuality "1"]
[TimeControl "40/5400+30:900+30"]

1. e4 e5 2. Nf3 Nc6 3. Bb5 a6 4. Ba4 Nf6 5. O-O Be7 6. Re1 b5 7. Bb3 O-O 8. h3 d6 9. c3 Bb7 10. d4 Re8 11. Nbd2 Bf8 12. d5 Nb8 13. Nf1 Nbd7 14. N3h2 c6 15. dxc6 Bxc6 16. Bg5 Qc7 17. Qf3 Qb7 18. Ng3 d5 19. Nf5 Re6 20. Qg3 Nxe4 21. Rxe4 dxe4 22. Bxe6 fxe6 23. Ne7+ Bxe7 24. Bxe7 Nb6 25. Bg5 Bd5 26. Ng4 Rf8 27. b3 Kh8 28. Qxe5 Rf5 29. Qd6 h5 30. Ne3 Rf7 31. Bd8 Nd7 32. c4 bxc4 33. bxc4 Qc6 34. Qb4 Qb7 35. Qd6 Qc6 36. Qb4 Qb7 37. Qa5 Bc6 38. Qxh5+ Kg8 39. Bh4 Qb2 40. Qd1 Ba4 41. Qc1 Qd4 42. Rb1 Nc5 43. Qb2 Qxb2 44. Rxb2 Rd7 45. Rb8+ Kf7 46. Rc8 Nd3 47. c5 Nb4 48. Nc4 Nc6 49. Kh2 Rd4 50. Nb6 Ne5 51. Bg3 Nd3 52. c6 Rb4 53. Nxa4 Rxa4 54. c7 1-0

[Event "Mukachevo IM June 2019"]
[Site "Mukachevo"]
[Date "2019.06.24"]
[Round "1.5"]
[White "Oros, Robert"]
[Black "Boricsev, Oleg"]
[Result "1-0"]
[ECO "B40"]
[WhiteElo "2321"]
[BlackElo "2252"]
[Annotator "NA"]
[PlyCount "41"]
[EventDate "2019.06.24"]
[EventType "tourn"]
[EventCountry "UKR"]
[SourceTitle "playchess.com"]
[Source "ChessBase"]
[SourceQuality "1"]
[TimeControl "40/5400+30:900+30"]

1. Nf3 c5 2. e4 e6 3. d3 d5 4. Nbd2 Nf6 5. g3 b6 6. Bg2 Bb7 7. e5 Nfd7 8. O-O Nc6 9. Re1 g5 10. c4 g4 11. cxd5 gxf3 12. dxc6 fxg2 13. cxb7 Rb8 14. Ne4 Be7 15. Qh5 Qc7 16. Nd6+ Bxd6 17. exd6 Qxd6 18. Bf4 e5 19. Rxe5+ Nxe5 20. Bxe5 Qd5 21. Qf5 1-0

[Event "Mukachevo IM June 2019"]
[Site "Mukachevo"]
[Date "2019.06.25"]
[Round "2.1"]
[White "Sakun, Volodymyr"]
[Black "Boricsev, Oleg"]
[Result "1-0"]
[ECO "B38"]
[WhiteElo "2349"]
[BlackElo "2252"]
[Annotator "ChessBase"]
[PlyCount "203"]
[EventDate "2019.06.24"]
[EventType "tourn"]
[EventCountry "UKR"]
[SourceTitle "playchess.com"]
[Source "ChessBase"]
[SourceQuality "1"]
[TimeControl "40/5400+30:900+30"]

1. Nf3 c5 2. c4 Nc6 3. d4 cxd4 4. Nxd4 g6 5. e4 Bg7 6. Be3 Nf6 7. Nc3 O-O 8. Be2 d6 9. O-O Nxd4 10. Bxd4 Be6 11. Qd2 Qa5 12. Rfd1 Rfc8 13. b3 Nd7 14. Qe3 Bxd4 15. Rxd4 Qc5 16. Rad1 Nf8 17. Nd5 Bxd5 18. exd5 a5 19. h4 Re8 20. h5 a4 21. hxg6 hxg6 22. Qc3 e5 23. dxe6 Nxe6 24. Rxd6 axb3 25. axb3 Ng5 26. Bf3 Nxf3+ 27. Qxf3 Re7 28. Rd8+ Rxd8 29. Rxd8+ Kg7 30. g3 Qa5 31. Qd5 Qxd5 32. Rxd5 Re6 33. Rd7 Rb6 34. Rd3 Kf6 35. Kf1 Ke5 36. Ke2 g5 37. Ke3 g4 38. Kd2 Ke4 39. Re3+ Kd4 40. f3 f5 41. Rd3+ Ke5 42. Kc3 gxf3 43. Re3+ Kf6 44. Rxf3 Kg5 45. c5 Rh6 46. Kd4 Rh1 47. Ke5 Re1+ 48. Kd6 Kg4 49. Rc3 Rg1 50. Kc7 Rxg3 51. Rxg3+ Kxg3 52. Kxb7 f4 53. c6 f3 54. c7 f2 55. c8=Q f1=Q 56. Qc3+ Kh2 57. Qe5+ Kh3 58. b4 Qg2+ 59. Kb6 Qg6+ 60. Ka5 Qc6 61. b5 Qa8+ 62. Kb6 Kg4 63. Qc7 Qd5 64. Qc6 Qd8+ 65. Kb7 Qe7+ 66. Qc7 Qe4+ 67. Kb8 Kh5 68. Qc5+ Kh4 69. b6 Qf4+ 70. Qc7 Qf8+ 71. Qc8 Qd6+ 72. Ka7 Qd4 73. Qc6 Qe3 74. Qc4+ Kh3 75. Ka6 Qa3+ 76. Kb5 Qb2+ 77. Kc6 Qf6+ 78. Kc7 Qe5+ 79. Kc8 Qe8+ 80. Kb7 Kh2 81. Ka7 Qe3 82. Qb4 Qf2 83. Qd6+ Kg1 84. Kb8 Kh1 85. b7 Qg3 86. Kc7 Qg7+ 87. Kc6 Qc3+ 88. Qc5 Qf6+ 89. Kb5 Qb2+ 90. Qb4 Qe5+ 91. Qc5 Qb2+ 92. Kc6 Qf6+ 93. Kd7 Qg7+ 94. Qe7 Qd4+ 95. Kc8 Qh8+ 96. Qd8 Qc3+ 97. Kb8 Qe5+ 98. Qc7 Qg3 99. Kc8 Qh3+ 100. Qd7 Qh8+ 101. Kc7 Qc3+ 102. Qc6+ 1-0

[Event "Mukachevo IM June 2019"]
[Site "Mukachevo"]
[Date "2019.06.25"]
[Round "2.2"]
[White "Priehoda, Vitezslav"]
[Black "Oros, Robert"]
[Result "1/2-1/2"]
[ECO "D60"]
[WhiteElo "2361"]
[BlackElo "2321"]
[Annotator "ChessBase"]
[PlyCount "60"]
[EventDate "2019.06.24"]
[EventType "tourn"]
[EventCountry "UKR"]
[SourceTitle "playchess.com"]
[Source "ChessBase"]
[SourceQuality "1"]
[TimeControl "40/5400+30:900+30"]

1. d4 Nf6 2. c4 e6 3. Nf3 d5 4. Nc3 Nbd7 5. Bg5 Be7 6. e3 O-O 7. h3 a6 8. c5 Ne4 9. Bxe7 Qxe7 10. Qc2 Nxc3 11. Qxc3 c6 12. Bd3 Re8 13. Qc2 g6 14. O-O e5 15. Nxe5 Nxe5 16. dxe5 Qxe5 17. Rfe1 Be6 18. Rad1 Rad8 19. Bf1 Bf5 20. Qd2 Bc8 21. Qb4 Qg5 22. g3 h5 23. Rd4 Re5 24. Bg2 Qe7 25. Qc3 Re8 26. Red1 Bf5 27. Rb4 Be4 28. Bxe4 Rxe4 29. Rdd4 Re5 30. Rb6 Rd8 1/2-1/2

[Event "Mukachevo IM June 2019"]
[Site "Mukachevo"]
[Date "2019.06.25"]
[Round "2.3"]
[White "Karelina, Polina"]
[Black "Tiba, Vladyslav"]
[Result "0-1"]
[ECO "A49"]
[WhiteElo "1718"]
[BlackElo "2375"]
[Annotator "NA"]
[PlyCount "42"]
[EventDate "2019.06.24"]
[EventType "tourn"]
[EventCountry "UKR"]
[SourceTitle "playchess.com"]
[Source "ChessBase"]
[SourceQuality "1"]
[TimeControl "40/5400+30:900+30"]

1. Nf3 Nf6 2. d4 g6 3. g3 Bg7 4. Bg2 O-O 5. O-O d6 6. Nc3 Nbd7 7. e4 e5 8. b4 exd4 9. Nxd4 Nb6 10. Rb1 Ng4 11. f4 c5 12. Nde2 cxb4 13. Rxb4 Qc7 14. Rb3 Be6 15. Nd5 Qc5+ 16. Kh1 Bxd5 17. exd5 Rfe8 18. Rbf3 Nxd5 19. Ba3 Qc4 20. Re1 Nde3 21. Qd2 Nxc2 0-1

[Event "Mukachevo IM June 2019"]
[Site "Mukachevo"]
[Date "2019.06.25"]
[Round "2.4"]
[White "Terletsky, Oleg"]
[Black "Vachylia, Andrii"]
[Result "1-0"]
[ECO "B90"]
[WhiteElo "2318"]
[BlackElo "2263"]
[Annotator "ChessBase"]
[PlyCount "71"]
[EventDate "2019.06.24"]
[EventType "tourn"]
[EventCountry "UKR"]
[SourceTitle "playchess.com"]
[Source "ChessBase"]
[SourceQuality "1"]
[TimeControl "40/5400+30:900+30"]

1. e4 c5 2. Nf3 d6 3. d4 cxd4 4. Nxd4 Nf6 5. Nc3 a6 6. Be3 e5 7. Nb3 Be6 8. f3 Be7 9. Qd2 O-O 10. O-O-O Nbd7 11. g4 b5 12. g5 b4 13. Ne2 Ne8 14. f4 a5 15. f5 Bxb3 16. cxb3 a4 17. bxa4 Rxa4 18. Kb1 Rxa2 19. Nc1 Ra8 20. Nb3 Nc7 21. Bc4 Kh8 22. h4 Qc8 23. h5 d5 24. exd5 Na6 25. Qc2 Bc5 26. Bc1 Nb6 27. Bb5 Bd6 28. Bc6 Rb8 29. g6 Nc5 30. h6 Nxb3 31. hxg7+ Kxg7 32. f6+ Kxf6 33. Rdf1+ Ke7 34. Bg5+ f6 35. Rxh7+ Kd8 36. Rxf6 1-0

[Event "Mukachevo IM June 2019"]
[Site "Mukachevo"]
[Date "2019.06.25"]
[Round "3.1"]
[White "Terbe, Zsuzsanna"]
[Black "Sakun, Volodymyr"]
[Result "0-1"]
[ECO "A45"]
[WhiteElo "2160"]
[BlackElo "2349"]
[Annotator "NA"]
[PlyCount "72"]
[EventDate "2019.06.24"]
[EventType "tourn"]
[EventCountry "UKR"]
[SourceTitle "playchess.com"]
[Source "ChessBase"]
[SourceQuality "1"]
[TimeControl "40/5400+30:900+30"]

1. d4 Nf6 2. Bf4 g6 3. e3 Bg7 4. Nf3 O-O 5. Be2 d6 6. h3 Nc6 7. O-O Nd7 8. Bh2 e5 9. c3 Qe7 10. Re1 f5 11. b4 g5 12. Na3 g4 13. hxg4 fxg4 14. Nd2 h5 15. Qb3+ Kh8 16. Nb5 Nf6 17. dxe5 Nxe5 18. Rad1 Bf5 19. Nd4 Bg6 20. c4 Ne4 21. Nxe4 Bxe4 22. c5 Rf6 23. cxd6 cxd6 24. Bf4 Rg6 25. Bf1 Nf3+ 26. Nxf3 gxf3 27. g3 h4 28. Rd2 Be5 29. Qc4 d5 30. Bxe5+ Qxe5 31. Qd4 Qxd4 32. Rxd4 hxg3 33. fxg3 Rh6 34. Rc1 f2+ 35. Kxf2 Rf8+ 36. Ke1 Rxf1+ 0-1

[Event "Mukachevo IM June 2019"]
[Site "Mukachevo"]
[Date "2019.06.25"]
[Round "3.2"]
[White "Vachylia, Andrii"]
[Black "Larkin, Vladyslav"]
[Result "1/2-1/2"]
[ECO "D43"]
[WhiteElo "2263"]
[BlackElo "2398"]
[Annotator "NA"]
[PlyCount "109"]
[EventDate "2019.06.24"]
[EventType "tourn"]
[EventCountry "UKR"]
[SourceTitle "playchess.com"]
[Source "ChessBase"]
[SourceQuality "1"]
[TimeControl "40/5400+30:900+30"]

1. d4 d5 2. c4 c6 3. Nf3 Nf6 4. Nc3 e6 5. Bg5 Be7 6. e3 Nbd7 7. Qc2 O-O 8. cxd5 cxd5 9. Bd3 a6 10. O-O h6 11. Bh4 b5 12. a4 b4 13. Ne2 Bb7 14. Nc1 g5 15. Bg3 Ne4 16. Nb3 Nxg3 17. hxg3 Bd6 18. Qe2 f5 19. g4 fxg4 20. Nfd2 Nf6 21. e4 e5 22. dxe5 Bxe5 23. Nc5 Qb6 24. Nxb7 Qxb7 25. exd5 Bxb2 26. Rab1 Bd4 27. Ne4 Qb6 28. a5 Qa7 29. Rxb4 Kh8 30. Rfb1 Nxe4 31. Qxe4 Bxf2+ 32. Kh1 Rae8 33. Qxg4 Qe3 34. Bg6 Be1 35. Qd4+ Re5 36. Qxe3 Rxe3 37. Re4 Rxe4 38. Bxe4 Bxa5 39. d6 Re8 40. Bb7 Rd8 41. Rd1 Bb4 42. d7 a5 43. g4 Kg7 44. Bc6 Kf6 45. Kg2 Ke7 46. Rd3 Bc5 47. Rd5 Bb6 48. Ba4 Ke6 49. Rb5 Bc7 50. Rc5 Kd6 51. Rf5 Ke7 52. Rf3 Rb8 53. Re3+ Kd6 54. Rd3+ Ke7 55. Re3+ 1/2-1/2

[Event "Mukachevo IM June 2019"]
[Site "Mukachevo"]
[Date "2019.06.25"]
[Round "3.3"]
[White "Tiba, Vladyslav"]
[Black "Terletsky, Oleg"]
[Result "0-1"]
[ECO "C92"]
[WhiteElo "2375"]
[BlackElo "2318"]
[Annotator "NA"]
[PlyCount "84"]
[EventDate "2019.06.24"]
[EventType "tourn"]
[EventCountry "UKR"]
[SourceTitle "playchess.com"]
[Source "ChessBase"]
[SourceQuality "1"]
[TimeControl "40/5400+30:900+30"]

1. e4 e5 2. Nf3 Nc6 3. Bb5 a6 4. Ba4 Nf6 5. O-O Be7 6. Re1 b5 7. Bb3 d6 8. c3 O-O 9. h3 Bb7 10. d4 Re8 11. Nbd2 Bf8 12. d5 Ne7 13. Nf1 Ng6 14. Ng3 c6 15. dxc6 Bxc6 16. Bg5 h6 17. Bxf6 Qxf6 18. Nh5 Qe7 19. Nh2 Rad8 20. Ng4 Nf4 21. Nxf4 exf4 22. Qd2 Qg5 23. Qd3 Qg6 24. Bd5 Bxd5 25. Qxd5 h5 26. Nh2 Re5 27. Qc6 Rc5 28. Qb6 Rg5 29. Kh1 Rxg2 30. Nf3 Be7 31. Re2 Rg5 32. Nxg5 Qxg5 33. Rg1 Qh4 34. Kg2 Bg5 35. Qc6 f3+ 36. Kxf3 Qxh3+ 37. Rg3 Qh1+ 38. Rg2 h4 39. Qd5 Qh3+ 40. Rg3 hxg3 41. Qxg5 g2+ 42. Kf4 f6 0-1

[Event "Mukachevo IM June 2019"]
[Site "Mukachevo"]
[Date "2019.06.25"]
[Round "3.4"]
[White "Oros, Robert"]
[Black "Karelina, Polina"]
[Result "1-0"]
[ECO "B07"]
[WhiteElo "2321"]
[BlackElo "1718"]
[Annotator "NA"]
[PlyCount "91"]
[EventDate "2019.06.24"]
[EventType "tourn"]
[EventCountry "UKR"]
[SourceTitle "playchess.com"]
[Source "ChessBase"]
[SourceQuality "1"]
[TimeControl "40/5400+30:900+30"]

1. e4 d6 2. d4 Nf6 3. Nc3 c6 4. Nf3 Bg4 5. h3 Bh5 6. Bd3 e6 7. Qe2 Be7 8. Bf4 d5 9. g4 Bg6 10. e5 Nfd7 11. Bxg6 hxg6 12. O-O-O c5 13. dxc5 Bxc5 14. Kb1 Nc6 15. Nb5 a6 16. Nd6+ Bxd6 17. exd6 Nf6 18. c4 Qa5 19. g5 Nh5 20. d7+ Kd8 21. Bh2 dxc4 22. Qxc4 Qf5+ 23. Qd3 Ke7 24. Ka1 Qxd3 25. Rxd3 f6 26. Bc7 e5 27. Rhd1 Nf4 28. Rb3 b5 29. Rc3 Nd8 30. Bd6+ Ke6 31. Ba3 Nb7 32. Rc6+ Kf7 33. Rb6 Nd8 34. h4 Nfe6 35. b3 e4 36. Nd4 Nxd4 37. Rxd4 Rxh4 38. gxf6 gxf6 39. Rdd6 Rf4 40. Bc5 Rf3 41. Bd4 g5 42. Bxf6 g4 43. Bh4 Rh3 44. Rh6 Kg7 45. Rhg6+ Kf7 46. Rbf6+ 1-0

[Event "Mukachevo IM June 2019"]
[Site "Mukachevo"]
[Date "2019.06.27"]
[Round "6.1"]
[White "Sakun, Volodymyr"]
[Black "Karelina, Polina"]
[Result "1-0"]
[ECO "A05"]
[WhiteElo "2349"]
[BlackElo "1718"]
[Annotator "NA"]
[PlyCount "75"]
[EventDate "2019.06.24"]
[EventType "tourn"]
[EventCountry "UKR"]
[SourceTitle "playchess.com"]
[Source "ChessBase"]
[SourceQuality "1"]
[TimeControl "40/5400+30:900+30"]

1. Nf3 Nf6 2. c4 g6 3. Nc3 Bg7 4. d4 O-O 5. g3 d6 6. Bg2 Bf5 7. Nh4 Bc8 8. O-O e5 9. d5 Bd7 10. e4 Nh5 11. Nf5 Nf4 12. gxf4 gxf5 13. Qh5 Qf6 14. fxe5 dxe5 15. f4 Qg6 16. Qxg6 fxg6 17. fxe5 Bxe5 18. Bf4 Bd4+ 19. Kh1 fxe4 20. Nxe4 Na6 21. Rad1 Bxb2 22. d6 cxd6 23. Nxd6 Bc6 24. Nxb7 Bxg2+ 25. Kxg2 Rac8 26. Nd6 Rcd8 27. Bg3 Ba3 28. Nb5 Bc5 29. Rxf8+ Rxf8 30. Rd7 Nb4 31. Nxa7 Nxa2 32. Nc6 Rc8 33. Nd8 Bf8 34. Ne6 Rxc4 35. Rd8 Kf7 36. Nxf8 Ke7 37. Ra8 Rc2+ 38. Kf3 1-0

[Event "Mukachevo IM June 2019"]
[Site "Mukachevo"]
[Date "2019.06.27"]
[Round "6.2"]
[White "Vachylia, Andrii"]
[Black "Tiba, Vladyslav"]
[Result "1/2-1/2"]
[ECO "B40"]
[WhiteElo "2263"]
[BlackElo "2375"]
[Annotator "NA"]
[PlyCount "66"]
[EventDate "2019.06.24"]
[EventType "tourn"]
[EventCountry "UKR"]
[SourceTitle "playchess.com"]
[Source "ChessBase"]
[SourceQuality "1"]
[TimeControl "40/5400+30:900+30"]

1. e4 c5 2. Nf3 e6 3. c3 d5 4. e5 d4 5. Bb5+ Bd7 6. Qa4 Nc6 7. cxd4 cxd4 8. Na3 a6 9. Bxc6 Bxc6 10. Qxd4 Bxf3 11. Qxd8+ Rxd8 12. gxf3 Bxa3 13. bxa3 Ne7 14. Rb1 b5 15. a4 Rd5 16. d4 Nc6 17. Be3 O-O 18. axb5 axb5 19. O-O Nxd4 20. Bxd4 Rxd4 21. Rxb5 Ra4 22. Rb2 g5 23. Rd1 Rfa8 24. Rd7 Rxa2 25. Rbb7 Rf8 26. Rd4 Ra5 27. Rg4 Rxe5 28. f4 Rf5 29. Rxg5+ Rxg5+ 30. fxg5 Rd8 31. Kg2 Kg7 32. Kg3 Kg6 33. h4 Rd1 1/2-1/2

[Event "Mukachevo IM June 2019"]
[Site "Mukachevo"]
[Date "2019.06.27"]
[Round "6.3"]
[White "Terbe, Zsuzsanna"]
[Black "Oros, Robert"]
[Result "0-1"]
[ECO "A46"]
[WhiteElo "2160"]
[BlackElo "2321"]
[Annotator "NA"]
[PlyCount "96"]
[EventDate "2019.06.24"]
[EventType "tourn"]
[EventCountry "UKR"]
[SourceTitle "playchess.com"]
[Source "ChessBase"]
[SourceQuality "1"]
[TimeControl "40/5400+30:900+30"]

1. d4 Nf6 2. Nf3 d6 3. g3 Nbd7 4. Bg2 e5 5. c4 c6 6. O-O Be7 7. Nc3 O-O 8. Qc2 Re8 9. e3 Qc7 10. b3 Nf8 11. Bb2 Bg4 12. h3 Bh5 13. Rac1 Bg6 14. Qd2 N6d7 15. e4 Ne6 16. d5 Nec5 17. Rfe1 a5 18. Nh2 Qb6 19. Ba3 Nb8 20. Kh1 Nba6 21. Rb1 Nb4 22. Rf1 Qd8 23. Bb2 cxd5 24. cxd5 Rc8 25. a3 Nba6 26. Ba1 f5 27. f3 Bg5 28. Qe2 f4 29. g4 Bh4 30. b4 axb4 31. axb4 Nd7 32. Qb5 Nb6 33. Rfc1 Re7 34. Bf1 Bf2 35. Nd1 Rxc1 36. Rxc1 Be1 37. Bc3 Bxc3 38. Rxc3 Nc8 39. Qa5 Qf8 40. Bxa6 bxa6 41. Qxa6 Na7 42. b5 Nxb5 43. Qxb5 Qa8 44. Qc6 Qa1 45. Rc1 Qa3 46. Nf2 Be8 47. Qc3 Qa7 48. Kg2 Rb7 0-1

[Event "Mukachevo IM June 2019"]
[Site "Mukachevo"]
[Date "2019.06.27"]
[Round "6.4"]
[White "Terletsky, Oleg"]
[Black "Priehoda, Vitezslav"]
[Result "1/2-1/2"]
[ECO "B90"]
[WhiteElo "2318"]
[BlackElo "2361"]
[Annotator "NA"]
[PlyCount "52"]
[EventDate "2019.06.24"]
[EventType "tourn"]
[EventCountry "UKR"]
[SourceTitle "playchess.com"]
[Source "ChessBase"]
[SourceQuality "1"]
[TimeControl "40/5400+30:900+30"]

1. e4 c5 2. Nf3 d6 3. d4 cxd4 4. Nxd4 Nf6 5. Nc3 a6 6. Be3 e5 7. Nb3 Be7 8. f3 Be6 9. Qd2 O-O 10. O-O-O Nbd7 11. g4 b5 12. g5 b4 13. Ne2 Ne8 14. f4 a5 15. f5 a4 16. fxe6 axb3 17. exf7+ Rxf7 18. cxb3 Rxa2 19. Kb1 Qa8 20. Ng3 Rxf1 21. Rhxf1 Ra1+ 22. Kc2 Qc6+ 23. Kd3 Qb5+ 24. Kc2 Qc6+ 25. Kd3 Qb5+ 26. Kc2 Qc6+ 1/2-1/2

[Event "Mukachevo IM June 2019"]
[Site "Mukachevo"]
[Date "2019.06.27"]
[Round "6.5"]
[White "Larkin, Vladyslav"]
[Black "Boricsev, Oleg"]
[Result "1/2-1/2"]
[ECO "D00"]
[WhiteElo "2398"]
[BlackElo "2252"]
[Annotator "NA"]
[PlyCount "56"]
[EventDate "2019.06.24"]
[EventType "tourn"]
[EventCountry "UKR"]
[SourceTitle "playchess.com"]
[Source "ChessBase"]
[SourceQuality "1"]
[TimeControl "40/5400+30:900+30"]

1. d4 d5 2. Bf4 c5 3. e3 cxd4 4. exd4 Nc6 5. c3 Bf5 6. Nf3 e6 7. Qb3 Qc8 8. Nbd2 Nf6 9. Be2 Be7 10. O-O O-O 11. h3 h6 12. a4 Rd8 13. a5 Bd6 14. Bxd6 Rxd6 15. a6 Rb8 16. axb7 Qxb7 17. Qa3 Rd7 18. b4 Ne4 19. b5 Ne7 20. Nxe4 Bxe4 21. Nd2 Ng6 22. g3 e5 23. Nb3 Qc8 24. Nc5 Rc7 25. Bg4 Bf5 26. Bxf5 Qxf5 27. Na6 Qxh3 28. Nxb8 Nh4 1/2-1/2

[Event "Mukachevo IM June 2019"]
[Site "Mukachevo"]
[Date "2019.06.28"]
[Round "7.1"]
[White "Tiba, Vladyslav"]
[Black "Sakun, Volodymyr"]
[Result "1/2-1/2"]
[ECO "C67"]
[WhiteElo "2375"]
[BlackElo "2349"]
[Annotator "NA"]
[PlyCount "65"]
[EventDate "2019.06.24"]
[EventType "tourn"]
[EventCountry "UKR"]
[SourceTitle "playchess.com"]
[Source "ChessBase"]
[SourceQuality "1"]
[TimeControl "40/5400+30:900+30"]

1. e4 e5 2. Nf3 Nc6 3. Bb5 Nf6 4. O-O Nxe4 5. Re1 Nd6 6. Nxe5 Be7 7. Bf1 Nxe5 8. Rxe5 O-O 9. d4 Bf6 10. Re1 Re8 11. Rxe8+ Nxe8 12. d5 d6 13. Nd2 Bf5 $11 14. Nc4 g6 15. c3 c5 16. a4 Bg5 17. f3 b6 18. Qe1 Bd7 19. Be3 Qe7 20. Bf2 Qxe1 21. Rxe1 Kf8 22. h4 Be7 23. b3 f5 24. Bg3 Kf7 25. Rd1 Rd8 26. Na3 Bf6 27. Be1 Nc7 28. g3 Bc8 29. f4 Bd7 30. Nc4 Be7 31. Bg2 Ne8 32. Bf1 Nf6 33. Bg2 1/2-1/2

[Event "Mukachevo IM June 2019"]
[Site "Mukachevo"]
[Date "2019.06.28"]
[Round "7.2"]
[White "Karelina, Polina"]
[Black "Terletsky, Oleg"]
[Result "0-1"]
[ECO "C55"]
[WhiteElo "1718"]
[BlackElo "2318"]
[Annotator "NA"]
[PlyCount "56"]
[EventDate "2019.06.24"]
[EventType "tourn"]
[EventCountry "UKR"]
[SourceTitle "playchess.com"]
[Source "ChessBase"]
[SourceQuality "1"]
[TimeControl "40/5400+30:900+30"]

1. e4 e5 2. Nf3 Nc6 3. Bc4 Nf6 4. d3 h6 5. h3 d6 6. a4 g6 7. O-O Bg7 8. c3 O-O 9. Re1 Kh7 10. Na3 Be6 11. d4 (11. Bxe6 $14 fxe6 12. b4) 11... Bxc4 12. Nxc4 exd4 13. cxd4 d5 14. exd5 $11 Nxd5 15. Nce5 Nxe5 16. dxe5 Qd7 17. b3 Rad8 18. Bb2 c5 19. Nd2 Nf4 20. Nc4 Nd3 21. Re2 Qf5 22. Qc2 Nf4 23. Rd2 Qg5 24. g3 Nxh3+ 25. Kh2 Rxd2 26. Nxd2 Nxf2 27. Nf3 Ng4+ 28. Kg1 Qe3+ 0-1

[Event "Mukachevo IM June 2019"]
[Site "Mukachevo"]
[Date "2019.06.28"]
[Round "7.3"]
[White "Oros, Robert"]
[Black "Vachylia, Andrii"]
[Result "1/2-1/2"]
[ECO "D47"]
[WhiteElo "2321"]
[BlackElo "2263"]
[Annotator "NA"]
[PlyCount "172"]
[EventDate "2019.06.24"]
[EventType "tourn"]
[EventCountry "UKR"]
[SourceTitle "playchess.com"]
[Source "ChessBase"]
[SourceQuality "1"]
[TimeControl "40/5400+30:900+30"]

1. Nf3 d5 2. d4 Nf6 3. c4 c6 4. e3 e6 5. Nc3 Nbd7 6. Bd3 dxc4 7. Bxc4 b5 8. Bb3 b4 9. Ne2 Ba6 10. O-O c5 11. Re1 c4 12. Bc2 Bb7 13. Ng3 h5 14. h4 Bd6 15. e4 $11 Bxg3 16. fxg3 Ng4 17. Qe2 Rc8 18. Bg5 Qb6 19. Ba4 Qa6 20. Bxd7+ Kxd7 21. Ne5+ Nxe5 22. dxe5 Rc7 23. a3 b3 24. Rad1+ Kc8 25. Rd6 Bc6 26. Rc1 Qb7 27. Qd2 Qb5 28. Qd4 Bd7 29. Kh2 Kb8 30. a4 Qxa4 31. Qg1 c3 32. Ra1 Qxe4 33. bxc3 Bc6 34. Rd4 Qc2 35. Rd2 Qxc3 36. Rc1 Qb4 37. Rd6 b2 38. Rb1 Be4 39. Rd4 Qb7 40. Rxe4 Qxe4 41. Rxb2+ Ka8 42. Qd1 Rhc8 43. Re2 Qc4 44. Rd2 g6 45. Qf3+ Qc6 46. Qf2 Rb7 47. Be3 Qe4 48. Ra2 Rcc7 49. Bb6 Rc4 50. Bxa7 Ra4 51. Rxa4 Qxa4 52. Bc5 Qc4 53. Bd6 Qc6 54. Bc5 Kb8 55. Bd6+ Kc8 56. Qa2 Rb6 57. Qf2 Rb7 58. Qa2 Rb5 59. Qf2 f5 60. Qd2 Rb1 61. Qa2 Qc1 62. Qxe6+ Kb7 63. Qd5+ Kb6 64. Qd4+ Kc6 65. Qa4+ Kd5 66. Qa2+ Ke4 67. Qe2+ Kd4 68. Qf2+ Kd3 69. Qf3+ Qe3 70. Qd5+ Qd4 71. Qxd4+ Kxd4 72. e6 Kd5 73. e7 Re1 74. Bb4 Re4 75. Kg1 Kc6 76. Kf2 Kd7 77. Bc5 Ke8 78. Kf3 Kf7 79. Ba3 Kf6 80. Bc5 g5 81. hxg5+ Kxg5 82. Ba3 Kf6 83. Bc5 Kf7 84. Bd6 Re1 85. Kf4 Kf6 86. Bb4 Re4+ 1/2-1/2